 Dungeon Sprint DCSS version 0.23-a0-807-gd38242e (webtiles) character file.

3207 Lanoc the Carver (level 9, 0/118 HPs)
             Began as a Demonspawn Berserker on Jan 20, 2019.
             Was the Champion of Trog.
             Succumbed to a spiny frog's poison
             ... in the Dungeon (Sprint IX: "|||||||||||||||||||||||||||||").
             The game lasted 00:02:49 (1031 turns).

Lanoc the Carver (Demonspawn Berserker)             Turns: 1031, Time: 00:02:50

Health: 0/118      AC: 12    Str: 25    XL:     9   Next: 65%
Magic:  2/3        EV: 18    Int: 15    God:    Trog [******]
Gold:   0          SH:  0    Dex: 13    Spells: 8/8 levels left

rFire    . . .     SeeInvis .   q - +3 long sword (antimagic)
rCold    + + .     Gourm    .   (no shield)
rNeg     . . .     Faith    .   s - +4 ring mail {rC+}
rPois    .         Spirit   +   (helmet restricted)
rElec    .         Reflect  .   n - +0 cloak
rCorr    .         Harm     .   (no gloves)
MR       .....     NoTele   +   (no boots)
Stlth    ..........             (no amulet)
HPRegen  0.29/turn              b - +3 ring of intelligence
MPRegen  0.16/turn              p - +3 ring of intelligence

@: berserking, lethally poisoned (0 -> -5), very quick
A: horns 1, repulsion field 1, cold resistance 1, magic shield, magic
regeneration
a: Berserk, Trog's Hand, Brothers in Arms, Renounce Religion


You were in the Dungeon.
You worshipped Trog.
Trog was exalted by your worship.
You were hungry.

You visited 1 branch

Inventory:

Hand Weapons
 q - a +3 antimagic long sword (weapon)
Armour
 n - a +0 cloak (worn)
 s - a +4 ring mail of cold resistance (worn)
Jewellery
 b - a +3 ring of intelligence (left hand)
 p - a +3 ring of intelligence (right hand)
Wands
 m - a wand of iceblast (10)
Scrolls
 i - 2 scrolls of blinking
 l - 4 scrolls of remove curse
 o - 4 scrolls of enchant armour
 r - 2 scrolls of identify
 t - a scroll of fear
 u - 2 scrolls of enchant weapon
Potions
 a - 2 potions of mutation
 d - 5 potions of curing
 e - 5 potions of heal wounds
 f - 2 potions of haste
 g - 4 potions of magic
 h - a potion of berserk rage
 j - a potion of agility
 k - a potion of invisibility
Comestibles
 c - a ration


   Skills:
 + Level 10.6 Fighting
 * Level 13.0 Long Blades
 + Level 9.5 Armour
 + Level 9.5 Dodging


You had 8 spell levels left.
You didn't know any spells.
Your spell library was empty.

Dungeon Overview and Level Annotations

Branches:
Dungeon (1/1)

Altars:
Cheibriados
Dithmenos
Elyvilon
Fedhas
Gozag
Hepliaklqana
Kikubaaqudgha
Makhleb
Nemelex Xobeh
Okawaru
Qazlal
Ru
Sif Muna
Trog
Uskayaw
Vehumet
Wu Jian
Xom
Yredelemnul
Zin
The Shining One
Beogh
Jiyva
Lugonu


Innate Abilities, Weirdness & Mutations

You have a pair of small horns on your head.
You are surrounded by a mild repulsion field. (EV +2)
Your flesh is cold resistant. (rC+)
When hurt, damage is shared between your health and your magic reserves.
You regenerate magic rapidly.


Message History

* * * LOW HITPOINT WARNING * * *
You slash the black mamba!
You feel the power of Trog in you as your rage grows.
You kill the black mamba!
Trog accepts your kill.
Your Long Blades skill increases to level 13!
You barely miss the bullfrog.
* * * LOW HITPOINT WARNING * * *
You feel sick. The bullfrog completely misses you.
You riposte.
You barely miss the bullfrog. You slash the bullfrog!
Your headbutt misses the bullfrog.
The bullfrog is moderately wounded.
The bullfrog hits you but does no damage.
You slice the bullfrog!!
You kill the bullfrog!
Trog accepts your kill.
* * * LOW HITPOINT WARNING * * *
You feel sick.
A water moccasin comes into view.
You die...

▓_▓.▓S▓
▓_▓.▓.▓
▓_▓.▓.▓
▓_▓.▓Y▓
▓_▓.▓.▓
▓_▓.▓.▓
▓_▓.▓†▓
▓_▓.▓†▓
▓_▓.▓@▓
▓_▓.▓.▓
▓_▓.▓.▓
▓_▓.▓.▓
▓_▓.▓.▓
▓_▓.▓.▓
▓_▓.▓.▓
▓_▓.▓.▓
▓_▓.▓.▓


You could see a dream sheep.

Vanquished Creatures
  A black mamba (D)
  A spiny frog (D)
  A komodo dragon (D)
  A hornet (D)
  A hippogriff (D)
  A yak (D)
  An orc warrior (D)
  A porcupine (D)
  2 centaurs (D)
  4 bullfrogs (D)
  2 scorpions (D)
  A killer bee (D)
  A worker ant (D)
  A gnoll (D)
  An adder skeleton (D)
  2 orcs (D)
  A bat skeleton (D)
  A giant cockroach (D)
  A goblin (D)
  A hobgoblin (D)
  A jackal (D)
  A ball python zombie (D)
  A rat (D)
29 creatures vanquished.

Vanquished Creatures (collateral kills)
  A hydra (D)
  A black mamba (D)
  A spiny frog (D)
  A hippogriff (D)
  A wyvern (D)
  A yak (D)
  A porcupine (D)
  2 water moccasins (D)
9 creatures vanquished.

Grand Total: 38 creatures vanquished

Notes
Turn   | Place    | Note
-------+----------+-------------------------------------------
     0 | D        | Lanoc the Demonspawn Berserker began the quest for the Orb.
     0 | D        | Reached XP level 1. HP: 18/18 MP: 1/1
     6 | D        | Reached skill level 3 in Long Blades
     9 | D        | Reached ** piety under Trog
    16 | D        | Gained mutation: You are surrounded by a mild repulsion
                  | field. (EV +2) [demonic ancestry]
    16 | D        | Reached XP level 2. HP: 25/25 MP: 2/2
    25 | D        | Noticed a centaur
    25 | D        | Noticed a scorpion
    29 | D        | Killed a scorpion
    29 | D        | Reached skill level 5 in Long Blades
    29 | D        | Gained mutation: You have a pair of small horns on your
                  | head. [demonic ancestry]
    29 | D        | Reached XP level 3. HP: 31/31 MP: 3/3
    30 | D        | Reached *** piety under Trog
    33 | D        | Killed a centaur
    33 | D        | Reached skill level 5 in Fighting
    33 | D        | Reached skill level 6 in Long Blades
    33 | D        | Gained mutation: When hurt, damage is shared between your
                  | health and your magic reserves. [demonic ancestry]
    33 | D        | Reached XP level 4. HP: 39/39 MP: 4/4
    33 | D        | Reached XP level 5. HP: 44/44 MP: 5/5
    44 | D        | Found a roughly hewn altar of Beogh.
    44 | D        | Found a snail-covered altar of Cheibriados.
    44 | D        | Found a shadowy altar of Dithmenos.
    44 | D        | Found a white marble altar of Elyvilon.
    44 | D        | Found a blossoming altar of Fedhas.
    44 | D        | Found an opulent altar of Gozag.
    45 | D        | Found a hazy altar of Hepliaklqana.
    46 | D        | Found a viscous altar of Jiyva.
    47 | D        | Found an ancient bone altar of Kikubaaqudgha.
    48 | D        | Found a corrupted altar of Lugonu.
    49 | D        | Found a burning altar of Makhleb.
    50 | D        | Found a sparkling altar of Nemelex Xobeh.
    51 | D        | Found an iron altar of Okawaru.
    52 | D        | Found a stormy altar of Qazlal.
    53 | D        | Found a sacrificial altar of Ru.
    54 | D        | Found a deep blue altar of Sif Muna.
    55 | D        | Found a bloodstained altar of Trog.
    56 | D        | Found a hide-covered altar of Uskayaw.
    57 | D        | Found a radiant altar of Vehumet.
    58 | D        | Found an ornate altar of the Wu Jian Council.
    59 | D        | Found a shimmering altar of Xom.
    60 | D        | Found a basalt altar of Yredelemnul.
    61 | D        | Found a glowing silver altar of Zin.
    62 | D        | Found a glowing golden altar of the Shining One.
   119 | D        | Noticed an orc warrior
   120 | D        | Reached **** piety under Trog
   126 | D        | Reached skill level 7 in Long Blades
   126 | D        | Reached skill level 5 in Armour
   126 | D        | Reached skill level 5 in Dodging
   129 | D        | Reached XP level 6. HP: 52/52 MP: 6/6
   130 | D        | Reached skill level 8 in Long Blades
   138 | D        | Killed an orc warrior
   138 | D        | Reached ***** piety under Trog
   263 | D        | Noticed a yak
   263 | D        | Noticed a hornet
   268 | D        | Killed a hornet
   268 | D        | Reached skill level 9 in Long Blades
   268 | D        | Gained mutation: Your flesh is cold resistant. (rC+)
                  | [demonic ancestry]
   268 | D        | Reached XP level 7. HP: 61/61 MP: 4/7
   271 | D        | Received a gift from Trog
   286 | D        | Killed a yak
   286 | D        | Reached skill level 10 in Long Blades
   301 | D        | HP: 3/62 [poisoned by a scorpion]
   716 | D        | Noticed a black mamba
   716 | D        | Noticed a hippogriff
   716 | D        | Noticed a yak
   716 | D        | Noticed a four-headed hydra
   720 | D        | Killed a five-headed hydra
   720 | D        | Gained mutation: You regenerate magic rapidly. [demonic
                  | ancestry]
   720 | D        | Reached XP level 8. HP: 58/70 MP: 2/8
   722 | D        | Noticed a spiny frog
   722 | D        | Reached skill level 11 in Long Blades
   724 | D        | Killed a hippogriff
   736 | D        | Killed a black mamba
   740 | D        | Killed a spiny frog
  1003 | D        | Noticed a black mamba
  1003 | D        | Noticed a hippogriff
  1003 | D        | Noticed a komodo dragon
  1003 | D        | Noticed a spiny frog
  1006 | D        | Killed a spiny frog
  1006 | D        | Reached skill level 12 in Long Blades
  1006 | D        | Reached XP level 9. HP: 42/78 MP: 3/9
  1012 | D        | Received a gift from Trog
  1012 | D        | Reached skill level 10 in Fighting
  1017 | D        | Killed a komodo dragon
  1024 | D        | Reached ****** piety under Trog
  1026 | D        | HP: 2/118 [black mamba (7)]
  1027 | D        | Killed a black mamba
  1027 | D        | Reached skill level 13 in Long Blades
  1031 | D        | Succumbed to a spiny frog's poison

Vault maps used:
D:        linesprint

Skill      XL: |  1  2  3  4  5  6  7  8  9 |
---------------+----------------------------+-----
Long Blades    | 3 5 6 7 9 10 12 13 | 13.0
Armour         | 2 3 4 5 6 7 8 9 |  9.5
Dodging        | 2 3 4 5 6 7 8 9 |  9.5
Fighting       | 4 5 6 7 8 9 10 | 10.6

Action                   |  1- 3 |  4- 6 |  7- 9 || total
-------------------------+-------+-------+-------++-------
Melee: Falchion          |    19 |    24 |    18 ||    61
       Headbutt          |       |     3 |    18 ||    21
       Long sword        |       |       |    34 ||    34
Invok: Berserk           |     1 |     2 |     1 ||     4
       Brothers in Arms  |       |       |     1 ||     1
  Eat: Chunk             |       |       |     4 ||     4
Armor: Animal skin       |     3 |       |       ||     3
       Ring mail         |       |     2 |     9 ||    11
Dodge: Dodged            |    12 |    15 |    30 ||    57
       Rpst.: Falchion   |     3 |     6 |     4 ||    13
       Long sword        |       |       |     8 ||     8

Table legend:
 A = Non-vault XP
 B = Vault XP
 C = Vault XP percentage of total XP
 D = Non-vault monster count
 E = Vault monster count
 F = Vault count percentage of total count
                 A         B        C        D         E       F
            +---------+---------+-------+---------+---------+-------
      Total |       0 |    4582 | 100.0 |       0 |      38 | 100.0
            +---------+---------+-------+---------+---------+-------
          D |       0 |    4582 | 100.0 |       0 |      38 | 100.0
            +---------+---------+-------+---------+---------+-------
